[ AOE2 MATCH · #469812704 ]
UnrankedTeutons vs Poles
[ REPLAY ANALYSIS · EXTRACTED FROM THE RECORDED GAME ]
Feudal
12:09
Castle
17:28
Imperial
—
| APM avg | 37.9 |
| APM peak | 77 |
| eAPM avg | 15.9 |
| Villagers / military | 109 / 10 |
Focus
⚔️ 14.3% · 🌾 85.7%
Knight ×6 · Mangonel ×4
Feudal
9:31
Castle
22:12
Imperial
37:47
| APM avg | 49.2 |
| APM peak | 76 |
| eAPM avg | 19.8 |
| Villagers / military | 90 / 91 |
Focus
⚔️ 35.5% · 🌾 64.5%
Archer ×54 · Scout Cavalry ×31 · Battering Ram ×3 · Trebuchet (Packed) ×2 · Mangonel ×1
Feudal
9:39
Castle
24:27
Imperial
43:45
| APM avg | 24.2 |
| APM peak | 51 |
| eAPM avg | 11.5 |
| Villagers / military | 47 / 92 |
Focus
⚔️ 40.1% · 🌾 59.9%
Skirmisher ×63 · War Wagon ×25 · Archer ×3 · Monk ×1
Feudal
9:28
Castle
22:18
Imperial
34:53
| APM avg | 47.1 |
| APM peak | 85 |
| eAPM avg | 21.0 |
| Villagers / military | 82 / 95 |
Focus
⚔️ 31.7% · 🌾 68.3%
Battle Elephant ×49 · Archer ×20 · Monk ×15 · Battering Ram ×4 · Spearman ×3 · Militia ×2
Feudal
9:26
Castle
21:10
Imperial
42:23
| APM avg | 30.1 |
| APM peak | 55 |
| eAPM avg | 15.0 |
| Villagers / military | 99 / 86 |
Focus
⚔️ 27.1% · 🌾 72.9%
Battle Elephant ×79 · Scout Cavalry ×6 · Monk ×1
Feudal
13:43
Castle
23:27
Imperial
38:40
| APM avg | 22.8 |
| APM peak | 38 |
| eAPM avg | 10.6 |
| Villagers / military | 72 / 63 |
Focus
⚔️ 24.3% · 🌾 75.7%
Spearman ×34 · Skirmisher ×20 · Archer ×6 · Trebuchet (Packed) ×3
Match map
Initial resources + every placement click. Lines = walls · curves = elevation contours. ◆ gold · ⬟ stone · ● berries · ✦ relic · ◌ wall gap
Your base· Open — 5t gap
[IMa]Mikou's base· Open — 2t gap
常山宪王's base· Open — 7t gap
AgeOfY's base· Open — 6t gap
东伯暴打大黄狗's base· Open — unwalled flank
Gaby Phalange's base· Open — unwalled flank
Smoothed initial terrain · ◌ = detected wall gap · hover for details
Inputs per minute
— 黎羽 - - [IMa]Mikou
Build order — 黎羽
First 150 of 236 actions detected
| 0:01 | Create | Villager (Male) |
| 0:01 | Research | Loom |
| 0:01 | Create | Villager (Male) |
| 0:02 | Create | Villager (Male) |
| 0:02 | Create | Villager (Male) |
| 0:07 | Build | House |
| 0:33 | Build | House |
| 0:34 | Build | House |
| 0:37 | Build | House |
| 1:39 | Create | Villager (Male) |
| 1:39 | Create | Villager (Male) |
| 1:39 | Create | Villager (Male) |
| 2:20 | Create | Villager (Male) |
| 2:20 | Create | Villager (Male) |
| 2:20 | Create | Villager (Male) |
| 2:43 | Create | Villager (Male) |
| 3:22 | Create | Villager (Male) |
| 3:23 | Create | Villager (Male) |
| 3:23 | Create | Villager (Male) |
| 3:23 | Create | Villager (Male) |
| 4:10 | Build | Mill |
| 4:12 | Create | Villager (Male) |
| 4:12 | Create | Villager (Male) |
| 4:12 | Create | Villager (Male) |
| 4:49 | Create | Villager (Male) |
| 4:50 | Create | Villager (Male) |
| 4:50 | Create | Villager (Male) |
| 4:50 | Create | Villager (Male) |
| 4:50 | Create | Villager (Male) |
| 4:50 | Create | Villager (Male) |
| 5:08 | Build | Palisade Wall |
| 5:11 | Build | Palisade Wall |
| 5:14 | Create | Villager (Male) |
| 5:14 | Create | Villager (Male) |
| 5:14 | Create | Villager (Male) |
| 5:14 | Create | Villager (Male) |
| 5:27 | Create | Villager (Male) |
| 5:27 | Create | Villager (Male) |
| 5:27 | Create | Villager (Male) |
| 6:15 | Build | Palisade Wall |
| 6:31 | Create | Villager (Male) |
| 6:32 | Create | Villager (Male) |
| 6:32 | Create | Villager (Male) |
| 6:32 | Create | Villager (Male) |
| 6:32 | Create | Villager (Male) |
| 6:36 | Create | Villager (Male) |
| 6:36 | Create | Villager (Male) |
| 6:37 | Create | Villager (Male) |
| 7:23 | Build | Palisade Wall |
| 7:27 | Create | Villager (Male) |
| 7:42 | Build | Mill |
| 7:55 | Create | Villager (Male) |
| 8:00 | Create | Villager (Male) |
| 8:15 | Build | Palisade Wall |
| 8:20 | Build | Palisade Wall |
| 8:22 | Build | Palisade Wall |
| 9:17 | Build | Palisade Wall |
| 9:32 | Build | Lumber Camp |
| 9:59 | Research | Feudal Age |
| 9:59 | Research | Feudal Age |
| 10:00 | Research | Feudal Age |
| 10:15 | Build | Mining Camp |
| 10:37 | Build | House |
| 11:17 | Build | House |
| 12:09 | Age | Feudal Age |
| 12:24 | Build | Stone Wall |
| 12:50 | Build | Market |
| 13:32 | Build | Farm |
| 13:33 | Build | Farm |
| 13:35 | Build | Farm |
| 13:36 | Build | Farm |
| 14:10 | Build | Blacksmith |
| 14:21 | Build | Blacksmith |
| 14:45 | Build | Stone Wall |
| 14:48 | Research | Castle Age |
| 15:03 | Build | Stone Wall |
| 15:33 | Research | Double-Bit Axe |
| 15:36 | Research | Horse Collar |
| 16:07 | Build | Watch Tower |
| 17:00 | Build | Mining Camp |
| 17:28 | Age | Castle Age |
| 18:10 | Build | Watch Tower |
| 18:33 | Build | Stone Wall |
| 18:45 | Build | Lumber Camp |
| 20:01 | Build | Watch Tower |
| 20:26 | Create | Villager (Male) |
| 20:27 | Create | Villager (Male) |
| 21:02 | Build | Watch Tower |
| 21:13 | Create | Villager (Male) |
| 21:28 | Create | Villager (Male) |
| 21:38 | Build | Siege Workshop |
| 21:50 | Create | Villager (Male) |
| 22:19 | Build | Farm |
| 22:21 | Build | Farm |
| 22:38 | Build | Farm |
| 23:10 | Build | Stone Wall |
| 23:14 | Create | Villager (Male) |
| 23:40 | Research | Fletching |
| 23:50 | Build | Farm |
| 23:52 | Create | Villager (Male) |
| 23:58 | Create | Villager (Male) |
| 24:03 | Create | Mangonel |
| 25:31 | Create | Villager (Male) |
| 25:31 | Create | Villager (Male) |
| 25:32 | Create | Villager (Male) |
| 25:32 | Create | Villager (Male) |
| 25:39 | Create | Mangonel |
| 26:28 | Create | Villager (Male) |
| 26:28 | Create | Villager (Male) |
| 26:36 | Build | Farm |
| 27:02 | Build | Stone Wall |
| 27:31 | Create | Mangonel |
| 27:46 | Build | Stone Wall |
| 28:03 | Build | Farm |
| 28:04 | Create | Villager (Male) |
| 28:06 | Create | Villager (Male) |
| 28:34 | Create | Villager (Male) |
| 28:34 | Create | Villager (Male) |
| 28:58 | Build | Barracks |
| 29:02 | Create | Villager (Male) |
| 29:15 | Build | Mining Camp |
| 29:33 | Create | Villager (Male) |
| 29:42 | Build | Town Center |
| 29:47 | Create | Villager (Male) |
| 30:19 | Build | Gate |
| 30:27 | Create | Mangonel |
| 30:31 | Build | Farm |
| 30:32 | Create | Villager (Male) |
| 30:47 | Create | Villager (Male) |
| 30:48 | Create | Villager (Male) |
| 31:05 | Create | Villager (Male) |
| 31:20 | Create | Villager (Male) |
| 31:32 | Create | Villager (Male) |
| 31:32 | Create | Villager (Male) |
| 31:32 | Create | Villager (Male) |
| 31:32 | Create | Villager (Male) |
| 31:47 | Create | Villager (Male) |
| 31:58 | Build | Stable |
| 32:26 | Create | Villager (Male) |
| 32:31 | Create | Villager (Male) |
| 32:31 | Create | Villager (Male) |
| 32:44 | Create | Villager (Male) |
| 32:44 | Create | Villager (Male) |
| 33:00 | Build | House |
| 33:01 | Build | House |
| 33:06 | Create | Knight |
| 33:06 | Create | Knight |
| 33:19 | Create | Villager (Male) |
| 33:33 | Build | Farm |
| 33:34 | Build | Farm |
Build order — [IMa]Mikou
First 150 of 290 actions detected
| 0:04 | Build | House |
| 0:07 | Build | House |
| 0:07 | Create | Villager (Male) ×4 |
| 0:08 | Create | Villager (Male) ×4 |
| 1:46 | Create | Villager (Male) |
| 1:59 | Create | Villager (Male) |
| 2:27 | Build | Lumber Camp |
| 2:41 | Create | Villager (Male) |
| 2:55 | Create | Villager (Male) |
| 2:55 | Create | Villager (Male) |
| 2:55 | Create | Villager (Male) |
| 3:31 | Create | Villager (Male) ×3 |
| 3:31 | Create | Villager (Male) ×3 |
| 3:38 | Build | House |
| 3:39 | Build | House |
| 4:15 | Create | Villager (Male) ×2 |
| 4:16 | Create | Villager (Male) ×2 |
| 4:58 | Create | Villager (Male) ×2 |
| 5:53 | Create | Villager (Male) |
| 5:54 | Research | Loom |
| 6:25 | Build | Barracks |
| 7:20 | Build | Mill |
| 7:21 | Research | Feudal Age |
| 8:36 | Build | Lumber Camp |
| 9:26 | Build | Mining Camp |
| 9:31 | Age | Feudal Age |
| 9:33 | Create | Villager (Male) |
| 9:34 | Create | Villager (Male) |
| 9:56 | Build | Farm |
| 10:14 | Build | Archery Range |
| 10:16 | Create | Villager (Male) |
| 10:35 | Build | Palisade Gate |
| 10:38 | Build | House |
| 10:41 | Build | Palisade Gate |
| 10:47 | Build | House |
| 10:59 | Build | Palisade Gate |
| 11:04 | Create | Villager (Male) |
| 11:05 | Create | Villager (Male) |
| 11:14 | Create | Villager (Male) |
| 11:28 | Build | Archery Range |
| 11:30 | Create | Archer |
| 11:30 | Create | Archer |
| 11:38 | Build | Farm |
| 11:44 | Build | Farm |
| 11:45 | Research | Double-Bit Axe |
| 11:45 | Research | Double-Bit Axe |
| 11:45 | Research | Double-Bit Axe |
| 11:59 | Build | Farm |
| 12:20 | Create | Villager (Male) |
| 12:35 | Build | Blacksmith |
| 12:37 | Build | House |
| 12:45 | Create | Archer |
| 12:45 | Create | Archer |
| 12:49 | Create | Archer |
| 12:49 | Create | Archer |
| 12:51 | Create | Villager (Male) |
| 12:55 | Build | House |
| 13:08 | Create | Villager (Male) |
| 13:14 | Build | House |
| 13:16 | Build | House |
| 13:27 | Create | Archer |
| 13:28 | Create | Archer |
| 13:35 | Research | Fletching |
| 14:04 | Build | Mill |
| 14:06 | Create | Villager (Male) |
| 14:12 | Create | Archer |
| 14:12 | Create | Archer |
| 14:23 | Build | Farm |
| 14:24 | Build | Farm |
| 14:25 | Build | Farm |
| 14:39 | Research | Horse Collar |
| 14:39 | Research | Horse Collar |
| 14:47 | Create | Villager (Male) |
| 14:47 | Create | Villager (Male) |
| 14:59 | Create | Archer |
| 15:00 | Create | Archer |
| 15:03 | Create | Archer |
| 15:13 | Build | Farm |
| 15:51 | Create | Archer |
| 15:52 | Create | Archer |
| 15:55 | Build | Farm |
| 15:58 | Build | Farm |
| 16:05 | Create | Archer |
| 16:05 | Create | Archer |
| 16:10 | Build | House |
| 16:17 | Create | Villager (Male) |
| 16:17 | Create | Villager (Male) |
| 16:22 | Build | Farm |
| 16:27 | Build | Farm |
| 16:57 | Create | Villager (Male) |
| 17:05 | Build | Farm |
| 17:10 | Build | Farm |
| 17:12 | Create | Villager (Male) |
| 17:31 | Build | Mill |
| 17:58 | Create | Villager (Male) |
| 18:02 | Build | Farm |
| 18:20 | Create | Archer |
| 18:21 | Create | Archer |
| 18:25 | Build | Farm |
| 18:37 | Research | Town Watch |
| 18:49 | Create | Archer |
| 18:49 | Create | Archer |
| 19:03 | Research | Gold Mining |
| 19:32 | Research | Castle Age |
| 19:55 | Create | Archer |
| 19:55 | Create | Archer |
| 19:57 | Create | Archer |
| 20:05 | Build | Farm |
| 20:08 | Build | Farm |
| 20:09 | Research | Gold Mining |
| 20:09 | Research | Gold Mining |
| 20:12 | Create | Archer |
| 20:12 | Create | Archer |
| 21:20 | Build | Stable |
| 21:22 | Build | Stable |
| 21:27 | Research | Padded Archer Armor |
| 21:51 | Create | Archer |
| 21:51 | Create | Archer |
| 21:56 | Research | Stone Mining |
| 22:07 | Build | Mining Camp |
| 22:12 | Age | Castle Age |
| 22:17 | Research | Crossbowman (upgrade) |
| 22:18 | Research | Thumb Ring |
| 22:34 | Create | Villager (Male) |
| 22:34 | Create | Villager (Male) |
| 22:57 | Build | Siege Workshop |
| 23:06 | Build | Outpost |
| 23:11 | Create | Villager (Male) |
| 23:37 | Create | Villager (Male) |
| 23:38 | Create | Villager (Male) |
| 23:51 | Create | Battering Ram |
| 24:00 | Build | House |
| 24:06 | Research | Bodkin Arrow |
| 24:06 | Research | Bodkin Arrow |
| 24:15 | Build | Outpost |
| 24:35 | Build | House |
| 24:51 | Create | Battering Ram |
| 24:51 | Create | Battering Ram |
| 25:00 | Create | Villager (Male) |
| 25:01 | Create | Villager (Male) |
| 25:05 | Create | Villager (Male) |
| 25:20 | Create | Villager (Male) |
| 25:25 | Research | Bow Saw |
| 25:35 | Create | Mangonel |
| 26:19 | Build | Outpost |
| 26:34 | Create | Archer |
| 26:34 | Create | Archer |
| 26:35 | Create | Archer |
| 27:19 | Create | Archer |
| 27:19 | Create | Archer |
Build order — 常山宪王
First 150 of 222 actions detected
| 0:01 | Create | Villager (Male) |
| 0:01 | Create | Villager (Male) |
| 0:03 | Build | House |
| 0:05 | Build | House |
| 0:08 | Build | House |
| 0:22 | Create | Villager (Male) |
| 0:22 | Create | Villager (Male) |
| 1:32 | Create | Villager (Male) |
| 1:32 | Create | Villager (Male) |
| 2:03 | Create | Villager (Male) |
| 2:04 | Create | Villager (Male) |
| 2:36 | Create | Villager (Male) |
| 2:40 | Build | Mill |
| 3:02 | Research | Loom |
| 3:22 | Create | Villager (Male) |
| 3:58 | Create | Villager (Male) |
| 4:26 | Create | Villager (Male) |
| 4:26 | Create | Villager (Male) |
| 5:13 | Create | Villager (Male) |
| 5:22 | Build | Lumber Camp |
| 5:23 | Create | Villager (Male) |
| 5:36 | Create | Villager (Male) |
| 6:00 | Create | Villager (Male) |
| 7:02 | Create | Villager (Male) |
| 7:29 | Research | Feudal Age |
| 9:01 | Create | Villager (Male) |
| 9:39 | Age | Feudal Age |
| 9:52 | Build | Watch Tower |
| 10:02 | Build | Palisade Wall |
| 10:46 | Build | House |
| 10:48 | Create | Villager (Male) |
| 10:57 | Build | House |
| 11:03 | Build | House |
| 11:16 | Build | House |
| 11:29 | Build | Watch Tower |
| 12:13 | Build | Mining Camp |
| 12:15 | Create | Villager (Male) |
| 12:25 | Build | Farm |
| 12:49 | Create | Villager (Male) |
| 12:52 | Build | Mining Camp |
| 13:14 | Create | Villager (Male) |
| 13:41 | Build | Farm |
| 13:43 | Build | Farm |
| 13:46 | Create | Villager (Male) |
| 14:10 | Build | Barracks |
| 14:12 | Create | Villager (Male) |
| 14:19 | Research | Stone Mining |
| 14:31 | Create | Villager (Male) |
| 15:07 | Build | Watch Tower |
| 15:12 | Build | House |
| 15:26 | Build | Palisade Wall |
| 15:38 | Create | Villager (Male) |
| 16:04 | Create | Villager (Male) |
| 16:06 | Build | Farm |
| 16:39 | Build | Mining Camp |
| 16:41 | Build | Farm |
| 16:42 | Create | Villager (Male) |
| 16:48 | Research | Gold Mining |
| 16:50 | Research | Double-Bit Axe |
| 16:52 | Research | Horse Collar |
| 17:14 | Build | Market |
| 17:21 | Create | Villager (Male) |
| 17:59 | Create | Villager (Male) |
| 18:02 | Build | Farm |
| 18:26 | Create | Villager (Male) |
| 18:37 | Build | Blacksmith |
| 18:52 | Create | Villager (Male) |
| 18:59 | Build | Farm |
| 19:00 | Build | Farm |
| 19:11 | Create | Villager (Male) |
| 19:51 | Build | Farm |
| 20:23 | Build | House |
| 20:30 | Build | Farm |
| 20:48 | Create | Villager (Male) |
| 20:56 | Build | Farm |
| 21:47 | Research | Castle Age |
| 22:02 | Build | Archery Range |
| 22:45 | Build | House |
| 22:47 | Build | House |
| 22:50 | Build | House |
| 23:06 | Build | Farm |
| 23:08 | Create | Skirmisher |
| 23:09 | Create | Skirmisher |
| 23:28 | Build | Lumber Camp |
| 23:58 | Create | Skirmisher |
| 24:15 | Research | Fletching |
| 24:18 | Create | Villager (Male) |
| 24:27 | Age | Castle Age |
| 24:44 | Build | University |
| 24:46 | Create | Villager (Male) |
| 24:51 | Create | Skirmisher |
| 24:51 | Create | Skirmisher |
| 25:10 | Build | Castle |
| 25:31 | Create | Villager (Male) |
| 25:31 | Create | Villager (Male) |
| 25:36 | Research | Elite Skirmisher (upgrade) |
| 26:19 | Create | Skirmisher |
| 26:33 | Build | Farm |
| 26:34 | Build | Farm |
| 26:35 | Build | Farm |
| 26:40 | Create | War Wagon |
| 26:40 | Create | War Wagon |
| 27:03 | Research | Bow Saw |
| 27:09 | Create | Villager (Male) |
| 27:09 | Create | Villager (Male) |
| 28:30 | Create | Villager (Male) |
| 28:31 | Create | Villager (Male) |
| 28:35 | Research | Ballistics |
| 28:41 | Build | Monastery |
| 28:55 | Create | Villager (Male) |
| 28:55 | Create | Villager (Male) |
| 29:00 | Create | Skirmisher |
| 29:00 | Create | Skirmisher |
| 29:01 | Create | Skirmisher |
| 29:01 | Create | Skirmisher |
| 29:02 | Create | Skirmisher |
| 29:07 | Create | War Wagon |
| 29:08 | Create | War Wagon |
| 29:08 | Create | War Wagon |
| 29:08 | Create | War Wagon |
| 29:18 | Create | Monk |
| 29:21 | Build | Mining Camp |
| 29:35 | Research | Bodkin Arrow |
| 30:04 | Create | Skirmisher |
| 30:04 | Create | Skirmisher |
| 30:52 | Create | Skirmisher |
| 30:52 | Create | Skirmisher |
| 30:52 | Create | Skirmisher |
| 30:52 | Create | Skirmisher |
| 30:52 | Create | Skirmisher |
| 30:57 | Create | War Wagon |
| 30:57 | Create | War Wagon |
| 30:57 | Create | War Wagon |
| 31:55 | Create | War Wagon |
| 31:55 | Create | War Wagon |
| 31:56 | Create | War Wagon |
| 32:10 | Create | Archer |
| 32:10 | Create | Archer |
| 32:10 | Create | Archer |
| 32:16 | Build | Archery Range |
| 32:18 | Build | Archery Range |
| 32:47 | Create | Skirmisher |
| 32:47 | Create | Skirmisher |
| 32:48 | Create | Skirmisher |
| 32:48 | Create | Skirmisher |
| 32:55 | Create | Skirmisher |
| 32:56 | Create | Skirmisher |
| 32:56 | Create | Skirmisher |
| 32:56 | Create | Skirmisher |
| 32:56 | Create | Skirmisher |
Build order — AgeOfY
First 150 of 275 actions detected
| 0:01 | Create | Villager (Male) |
| 0:01 | Create | Villager (Male) |
| 0:02 | Build | House |
| 0:04 | Build | House |
| 0:11 | Create | Villager (Male) |
| 0:11 | Create | Villager (Male) |
| 0:12 | Create | Villager (Male) |
| 1:25 | Create | Villager (Male) |
| 1:35 | Build | House |
| 1:44 | Build | Lumber Camp |
| 2:03 | Create | Villager (Male) |
| 2:23 | Create | Villager (Male) |
| 2:24 | Create | Villager (Male) |
| 2:52 | Create | Villager (Male) |
| 3:16 | Create | Villager (Male) |
| 3:43 | Create | Villager (Male) |
| 4:17 | Create | Villager (Male) |
| 4:18 | Create | Villager (Male) |
| 4:18 | Create | Villager (Male) |
| 4:49 | Build | Barracks |
| 4:52 | Create | Villager (Male) |
| 4:53 | Create | Villager (Male) |
| 4:53 | Create | Villager (Male) |
| 5:58 | Build | Mill |
| 6:03 | Create | Villager (Male) |
| 6:09 | Create | Villager (Male) |
| 6:59 | Build | Mill |
| 7:14 | Research | Loom |
| 8:10 | Research | Feudal Age |
| 8:10 | Research | Feudal Age |
| 8:39 | Create | Militia |
| 8:44 | Build | House |
| 9:12 | Build | House |
| 9:16 | Create | Militia |
| 9:25 | Build | Mining Camp |
| 9:28 | Age | Feudal Age |
| 9:53 | Create | Villager (Male) |
| 10:13 | Create | Villager (Male) |
| 10:28 | Create | Villager (Male) |
| 10:47 | Build | House |
| 10:54 | Build | Archery Range |
| 10:56 | Create | Villager (Male) |
| 11:00 | Research | Double-Bit Axe |
| 11:02 | Create | Villager (Male) |
| 12:04 | Create | Villager (Male) |
| 12:05 | Create | Villager (Male) |
| 12:06 | Build | Farm |
| 12:06 | Build | Farm |
| 12:06 | Build | Farm |
| 12:06 | Build | Farm |
| 12:07 | Create | Villager (Male) |
| 12:08 | Create | Archer |
| 12:09 | Create | Archer |
| 12:09 | Create | Archer |
| 12:09 | Create | Archer |
| 12:13 | Build | House |
| 12:28 | Research | Horse Collar |
| 12:29 | Create | Villager (Male) |
| 12:31 | Build | Farm |
| 12:37 | Create | Spearman |
| 12:49 | Build | House |
| 12:56 | Create | Villager (Male) |
| 12:59 | Create | Archer |
| 13:20 | Create | Villager (Male) |
| 13:21 | Create | Archer |
| 13:28 | Build | Farm |
| 13:33 | Build | Palisade Wall |
| 13:35 | Build | Palisade Wall |
| 13:37 | Build | Palisade Wall |
| 13:39 | Create | Villager (Male) |
| 13:47 | Create | Archer |
| 14:30 | Build | Farm |
| 14:30 | Build | Farm |
| 14:31 | Build | Farm |
| 14:32 | Create | Villager (Male) |
| 14:33 | Create | Villager (Male) |
| 14:33 | Create | Villager (Male) |
| 14:40 | Build | Farm |
| 14:53 | Create | Villager (Male) |
| 14:56 | Build | Farm |
| 14:57 | Create | Villager (Male) |
| 15:27 | Create | Villager (Male) |
| 15:39 | Build | Farm |
| 15:39 | Create | Villager (Male) |
| 15:45 | Create | Archer |
| 15:46 | Create | Archer |
| 15:47 | Create | Archer |
| 16:10 | Create | Villager (Male) |
| 16:32 | Create | Villager (Male) |
| 16:38 | Build | Farm |
| 16:41 | Build | House |
| 16:47 | Create | Villager (Male) |
| 17:11 | Create | Spearman |
| 17:11 | Create | Spearman |
| 17:26 | Build | Farm |
| 17:26 | Build | Farm |
| 17:35 | Create | Villager (Male) |
| 17:43 | Build | Farm |
| 18:20 | Build | Farm |
| 18:20 | Build | Farm |
| 18:20 | Build | Farm |
| 18:20 | Build | Farm |
| 18:21 | Create | Villager (Male) |
| 18:23 | Build | House |
| 18:35 | Research | Wheelbarrow |
| 18:57 | Create | Villager (Male) |
| 19:32 | Create | Archer |
| 19:47 | Build | Farm |
| 19:57 | Create | Villager (Male) |
| 20:02 | Build | Blacksmith |
| 20:42 | Research | Castle Age |
| 20:45 | Create | Archer |
| 20:45 | Create | Archer |
| 21:08 | Research | Fletching |
| 21:19 | Build | Palisade Wall |
| 21:21 | Build | Palisade Wall |
| 21:23 | Build | Palisade Wall |
| 21:51 | Research | Padded Archer Armor |
| 22:07 | Create | Villager (Male) |
| 22:08 | Create | Archer |
| 22:09 | Create | Archer |
| 22:09 | Create | Archer |
| 22:18 | Build | Archery Range |
| 22:18 | Age | Castle Age |
| 22:41 | Research | Bodkin Arrow |
| 22:45 | Research | Thumb Ring |
| 22:53 | Research | Crossbowman (upgrade) |
| 23:38 | Build | Stable |
| 23:40 | Create | Villager (Male) |
| 23:40 | Create | Villager (Male) |
| 23:46 | Build | Monastery |
| 23:56 | Build | House |
| 24:00 | Create | Archer |
| 24:01 | Create | Archer |
| 24:01 | Create | Archer |
| 24:05 | Build | House |
| 24:11 | Create | Villager (Male) |
| 24:15 | Research | Bow Saw |
| 24:18 | Create | Villager (Male) |
| 24:28 | Research | Heavy Plow |
| 24:42 | Create | Battle Elephant |
| 24:47 | Build | Stable |
| 25:01 | Build | Monastery |
| 25:06 | Create | Monk |
| 25:06 | Create | Monk |
| 25:13 | Create | Villager (Male) |
| 25:17 | Build | Mining Camp |
| 25:20 | Create | Villager (Male) |
| 25:22 | Create | Archer |
| 25:45 | Build | Siege Workshop |
Build order — 东伯暴打大黄狗
First 150 of 294 actions detected
| 0:00 | Create | Villager (Male) |
| 0:01 | Create | Villager (Male) |
| 0:01 | Create | Villager (Male) |
| 0:02 | Build | House |
| 0:04 | Build | House |
| 0:16 | Create | Villager (Male) |
| 0:16 | Create | Villager (Male) |
| 1:24 | Create | Villager (Male) |
| 1:46 | Build | Lumber Camp |
| 2:01 | Create | Villager (Male) |
| 2:01 | Create | Villager (Male) |
| 2:16 | Create | Villager (Male) |
| 2:50 | Create | Villager (Male) |
| 2:50 | Create | Villager (Male) |
| 3:10 | Create | Villager (Male) |
| 3:10 | Create | Villager (Male) |
| 3:35 | Research | Loom |
| 3:52 | Build | House |
| 4:08 | Create | Villager (Male) |
| 4:08 | Create | Villager (Male) |
| 4:10 | Create | Villager (Male) |
| 4:10 | Create | Villager (Male) |
| 4:10 | Create | Villager (Male) |
| 4:19 | Build | Mill |
| 5:22 | Create | Villager (Male) |
| 5:34 | Create | Villager (Male) |
| 5:56 | Create | Villager (Male) |
| 6:04 | Create | Villager (Male) |
| 6:22 | Build | House |
| 6:58 | Build | Mill |
| 6:59 | Create | Villager (Male) |
| 7:11 | Create | Villager (Male) |
| 7:32 | Create | Villager (Male) |
| 8:08 | Research | Feudal Age |
| 8:09 | Research | Feudal Age |
| 8:23 | Build | Barracks |
| 9:26 | Age | Feudal Age |
| 9:27 | Create | Villager (Male) |
| 9:40 | Build | Stable |
| 9:45 | Create | Villager (Male) |
| 10:06 | Research | Double-Bit Axe |
| 10:22 | Create | Villager (Male) |
| 10:29 | Build | House |
| 10:38 | Build | Farm |
| 10:44 | Build | House |
| 10:53 | Create | Scout Cavalry |
| 10:58 | Build | House |
| 11:17 | Create | Villager (Male) |
| 11:21 | Build | House |
| 11:25 | Build | Farm |
| 11:32 | Build | Farm |
| 11:40 | Create | Scout Cavalry |
| 12:00 | Create | Villager (Male) |
| 12:16 | Build | Farm |
| 12:43 | Create | Scout Cavalry |
| 12:47 | Build | Farm |
| 12:49 | Build | House |
| 12:58 | Create | Villager (Male) |
| 13:02 | Build | Farm |
| 13:11 | Create | Scout Cavalry |
| 13:27 | Build | Farm |
| 13:28 | Create | Villager (Male) |
| 13:38 | Create | Villager (Male) |
| 13:40 | Build | Farm |
| 14:17 | Create | Scout Cavalry |
| 14:20 | Build | Farm |
| 14:20 | Create | Villager (Male) |
| 14:28 | Build | Blacksmith |
| 14:29 | Create | Villager (Male) |
| 14:38 | Create | Villager (Male) |
| 14:45 | Build | Farm |
| 14:54 | Create | Scout Cavalry |
| 15:32 | Create | Villager (Male) |
| 15:34 | Build | Farm |
| 15:36 | Create | Villager (Male) |
| 15:46 | Create | Villager (Male) |
| 15:49 | Build | House |
| 15:53 | Build | Farm |
| 15:53 | Create | Villager (Male) |
| 16:09 | Build | Mining Camp |
| 16:25 | Create | Villager (Male) |
| 16:27 | Build | House |
| 16:40 | Build | Farm |
| 16:43 | Build | Farm |
| 16:43 | Create | Villager (Male) |
| 17:03 | Build | Farm |
| 17:03 | Create | Villager (Male) |
| 17:25 | Create | Villager (Male) |
| 17:29 | Build | House |
| 17:31 | Build | Farm |
| 17:32 | Create | Villager (Male) |
| 17:45 | Create | Villager (Male) |
| 17:50 | Research | Horse Collar |
| 17:50 | Research | Horse Collar |
| 18:14 | Build | Farm |
| 19:21 | Build | Market |
| 19:34 | Research | Castle Age |
| 19:58 | Build | Stable |
| 19:59 | Create | Villager (Male) |
| 20:11 | Build | Watch Tower |
| 20:13 | Create | Villager (Male) |
| 20:27 | Research | Scale Barding Armor |
| 21:01 | Create | Villager (Male) |
| 21:10 | Age | Castle Age |
| 21:14 | Create | Battle Elephant |
| 21:50 | Create | Battle Elephant |
| 21:57 | Create | Villager (Male) |
| 22:10 | Create | Battle Elephant |
| 22:21 | Create | Villager (Male) |
| 22:30 | Build | Farm |
| 22:30 | Build | Farm |
| 22:36 | Create | Battle Elephant |
| 23:13 | Create | Villager (Male) |
| 23:14 | Create | Villager (Male) |
| 23:21 | Create | Battle Elephant |
| 23:21 | Create | Battle Elephant |
| 23:22 | Create | Battle Elephant |
| 24:08 | Create | Villager (Male) |
| 24:08 | Create | Villager (Male) |
| 24:11 | Build | House |
| 24:17 | Build | Farm |
| 24:17 | Create | Villager (Male) |
| 24:31 | Research | Husbandry |
| 24:42 | Build | Farm |
| 24:43 | Build | Farm |
| 24:44 | Build | Farm |
| 24:45 | Build | Farm |
| 24:45 | Create | Villager (Male) |
| 24:57 | Create | Battle Elephant |
| 25:07 | Create | Villager (Male) |
| 25:30 | Create | Battle Elephant |
| 25:31 | Create | Battle Elephant |
| 25:31 | Create | Battle Elephant |
| 25:38 | Create | Battle Elephant |
| 25:42 | Create | Villager (Male) |
| 25:44 | Build | Farm |
| 25:46 | Build | Farm |
| 25:51 | Create | Villager (Male) |
| 26:20 | Research | Forging |
| 26:20 | Research | Forging |
| 26:35 | Create | Battle Elephant |
| 26:35 | Create | Battle Elephant |
| 26:41 | Build | Farm |
| 26:42 | Create | Villager (Male) |
| 26:44 | Build | Farm |
| 26:52 | Create | Villager (Male) |
| 27:49 | Create | Battle Elephant |
| 27:49 | Create | Battle Elephant |
| 27:49 | Create | Battle Elephant |
| 27:50 | Create | Battle Elephant |
Build order — Gaby Phalange
First 150 of 169 actions detected
| 0:04 | Build | House |
| 0:05 | Create | Villager (Male) ×4 |
| 0:08 | Build | House |
| 0:41 | Build | House |
| 1:27 | Build | House |
| 1:33 | Create | Villager (Male) |
| 2:56 | Create | Villager (Male) ×2 |
| 3:20 | Create | Villager (Male) |
| 4:11 | Create | Villager (Male) |
| 4:30 | Create | Villager (Male) ×3 |
| 4:44 | Create | Villager (Male) |
| 4:59 | Create | Villager (Male) |
| 6:05 | Create | Villager (Male) |
| 7:00 | Build | Mill |
| 7:12 | Create | Villager (Male) |
| 8:03 | Create | Villager (Male) |
| 8:04 | Create | Villager (Male) |
| 8:28 | Create | Villager (Male) |
| 8:55 | Research | Loom |
| 10:37 | Build | Lumber Camp |
| 10:42 | Create | Villager (Male) |
| 11:05 | Research | Feudal Age |
| 11:08 | Create | Villager (Male) |
| 11:09 | Research | Feudal Age |
| 12:19 | Build | Barracks |
| 12:26 | Build | House |
| 13:31 | Build | House |
| 13:43 | Age | Feudal Age |
| 13:47 | Build | Mining Camp |
| 13:49 | Create | Villager (Male) |
| 13:50 | Create | Villager (Male) |
| 13:55 | Research | Double-Bit Axe |
| 14:11 | Build | House |
| 14:28 | Build | Stone Wall |
| 14:44 | Build | Farm |
| 14:45 | Build | Farm |
| 14:45 | Build | Farm |
| 14:45 | Build | Farm |
| 14:45 | Build | Farm |
| 15:07 | Create | Villager (Male) |
| 15:26 | Build | Archery Range |
| 15:33 | Create | Villager (Male) |
| 15:36 | Create | Villager (Male) |
| 15:37 | Create | Villager (Male) |
| 15:45 | Build | Farm |
| 15:46 | Build | Farm |
| 15:47 | Build | Farm |
| 15:49 | Build | Farm |
| 16:08 | Research | Horse Collar |
| 16:29 | Create | Archer |
| 16:29 | Create | Archer |
| 16:46 | Build | Blacksmith |
| 16:49 | Build | House |
| 17:06 | Build | Lumber Camp |
| 17:17 | Build | Palisade Wall |
| 17:27 | Build | Gate |
| 17:33 | Build | House |
| 17:36 | Build | House |
| 17:45 | Build | Farm |
| 17:52 | Create | Archer |
| 18:44 | Create | Spearman |
| 18:45 | Create | Spearman |
| 19:03 | Build | Farm |
| 19:05 | Build | Farm |
| 19:13 | Create | Archer |
| 19:48 | Create | Archer |
| 20:24 | Create | Archer |
| 20:47 | Research | Castle Age |
| 23:27 | Age | Castle Age |
| 23:30 | Build | Lumber Camp |
| 23:34 | Build | Lumber Camp |
| 23:37 | Research | Bow Saw |
| 23:49 | Build | Town Center |
| 24:42 | Research | Scale Mail Armor |
| 25:04 | Research | Forging |
| 25:08 | Research | Pikeman (upgrade) |
| 25:09 | Create | Spearman |
| 25:10 | Create | Spearman |
| 25:17 | Create | Villager (Male) ×5 |
| 25:21 | Create | Villager (Male) ×5 |
| 25:32 | Research | Chain Mail Armor |
| 25:53 | Research | Heavy Plow |
| 25:59 | Build | Farm |
| 25:59 | Build | Farm |
| 26:00 | Build | Farm |
| 26:00 | Build | Farm |
| 26:00 | Build | Farm |
| 26:01 | Build | Farm |
| 26:01 | Build | Farm |
| 26:01 | Build | Farm |
| 26:01 | Build | Farm |
| 26:15 | Build | Barracks |
| 26:19 | Research | Gold Mining |
| 26:44 | Build | Stable |
| 27:16 | Create | Villager (Male) |
| 27:17 | Create | Villager (Male) |
| 27:27 | Create | Villager (Male) ×5 |
| 27:35 | Create | Villager (Male) |
| 27:39 | Build | Farm |
| 27:39 | Build | Farm |
| 27:40 | Build | Farm |
| 27:40 | Build | Farm |
| 27:54 | Research | Squires |
| 27:55 | Create | Spearman ×5 |
| 28:10 | Create | Villager (Male) |
| 28:10 | Create | Villager (Male) |
| 28:41 | Create | Villager (Male) |
| 28:45 | Build | Mining Camp |
| 29:17 | Build | House |
| 29:27 | Build | House |
| 29:29 | Build | House |
| 29:31 | Build | House |
| 29:34 | Research | Wheelbarrow |
| 29:38 | Create | Villager (Male) |
| 29:43 | Build | House |
| 30:01 | Build | Farm |
| 30:05 | Create | Villager (Male) |
| 30:25 | Build | Stable |
| 30:47 | Build | University |
| 30:54 | Create | Villager (Male) ×5 |
| 31:57 | Build | Farm |
| 32:05 | Create | Villager (Male) |
| 32:05 | Create | Villager (Male) |
| 33:19 | Research | Hand Cart |
| 33:40 | Build | Lumber Camp |
| 33:44 | Create | Villager (Male) |
| 33:44 | Create | Villager (Male) |
| 33:45 | Create | Villager (Male) |
| 34:15 | Build | Castle |
| 34:29 | Create | Villager (Male) |
| 34:29 | Create | Villager (Male) |
| 34:35 | Build | Monastery |
| 34:45 | Create | Villager (Male) |
| 35:14 | Build | House |
| 35:15 | Build | House |
| 35:16 | Build | House |
| 35:18 | Build | House |
| 35:30 | Research | Imperial Age |
| 35:35 | Create | Villager (Male) ×5 |
| 35:38 | Research | Gold Shaft Mining |
| 35:48 | Research | Padded Archer Armor |
| 35:48 | Research | Fletching |
| 36:09 | Create | Spearman ×5 |
| 36:09 | Create | Spearman ×5 |
| 36:09 | Create | Spearman ×5 |
| 36:10 | Create | Spearman ×5 |
| 36:10 | Create | Spearman ×5 |
| 36:20 | Build | Archery Range |
| 36:23 | Build | Archery Range |
| 36:25 | Research | Ballistics |
Match timeline
| 4:49 | AgeOfY · first_building Barracks |
| 5:08 | 黎羽 · wall_segment Palisade Wall x2 |
| 5:11 | 黎羽 · wall_segment Palisade Wall x8 |
| 6:15 | 黎羽 · wall_segment Palisade Wall x8 |
| 6:25 | [IMa]Mikou · first_building Barracks |
| 7:23 | 黎羽 · wall_segment Palisade Wall x10 |
| 8:15 | 黎羽 · wall_segment Palisade Wall x5 |
| 8:20 | 黎羽 · wall_segment Palisade Wall x7 |
| 8:22 | 黎羽 · wall_segment Palisade Wall x4 |
| 8:23 | 东伯暴打大黄狗 · first_building Barracks |
| 9:17 | 黎羽 · wall_segment Palisade Wall x1 |
| 9:26 | 东伯暴打大黄狗 · age_up feudal |
| 9:28 | AgeOfY · age_up feudal |
| 9:31 | [IMa]Mikou · age_up feudal |
| 9:39 | 常山宪王 · age_up feudal |
| 9:40 | 东伯暴打大黄狗 · first_building Stable |
| 10:02 | 常山宪王 · wall_segment Palisade Wall x1 |
| 10:14 | [IMa]Mikou · first_building Archery Range |
| 10:54 | AgeOfY · first_building Archery Range |
| 12:09 | 黎羽 · age_up feudal |
| 12:19 | Gaby Phalange · first_building Barracks |
| 12:24 | 黎羽 · wall_segment Stone Wall x8 |
| 13:33 | AgeOfY · wall_segment Palisade Wall x6 |
| 13:35 | AgeOfY · wall_segment Palisade Wall x8 |
| 13:37 | AgeOfY · wall_segment Palisade Wall x6 |
| 13:43 | Gaby Phalange · age_up feudal |
| 14:10 | 常山宪王 · first_building Barracks |
| 14:28 | Gaby Phalange · wall_segment Stone Wall x6 |
| 14:45 | 黎羽 · wall_segment Stone Wall x8 |
| 15:03 | 黎羽 · wall_segment Stone Wall x5 |
| 15:26 | Gaby Phalange · first_building Archery Range |
| 15:26 | 常山宪王 · wall_segment Palisade Wall x1 |
| 15:51 | 黎羽 · first_market_sell 100 wood |
| 15:56 | 黎羽 · first_market_buy 100 stone |
| 17:17 | Gaby Phalange · wall_segment Palisade Wall x3 |
| 17:28 | 黎羽 · age_up castle |
| 18:33 | 黎羽 · wall_segment Stone Wall x16 |
| 19:17 | 常山宪王 · first_market_buy 100 food |
| 21:10 | 东伯暴打大黄狗 · age_up castle |
| 21:19 | AgeOfY · wall_segment Palisade Wall x8 |
| 21:20 | [IMa]Mikou · first_building Stable |
| 21:21 | AgeOfY · wall_segment Palisade Wall x3 |
| 21:23 | AgeOfY · wall_segment Palisade Wall x11 |
| 21:38 | 黎羽 · first_building Siege Workshop |
| 22:02 | 常山宪王 · first_building Archery Range |
| 22:12 | [IMa]Mikou · age_up castle |
| 22:18 | AgeOfY · age_up castle |
| 22:57 | [IMa]Mikou · first_building Siege Workshop |
| 23:10 | 黎羽 · wall_segment Stone Wall x17 |
| 23:16 | 常山宪王 · tribute_sent a jugador 1 |
| 23:16 | 常山宪王 · tribute_sent a jugador 3 |
| 23:16 | 常山宪王 · tribute_sent a jugador 4 |
| 23:16 | 常山宪王 · tribute_sent a jugador 5 |
| 23:16 | 常山宪王 · tribute_sent a jugador 6 |
| 23:27 | Gaby Phalange · age_up castle |
| 23:38 | AgeOfY · first_building Stable |
| 23:46 | AgeOfY · first_building Monastery |
| 24:27 | 常山宪王 · age_up castle |
| 25:10 | 常山宪王 · first_building Castle |
| 25:45 | AgeOfY · first_building Siege Workshop |
| 26:44 | Gaby Phalange · first_building Stable |
| 27:02 | 黎羽 · wall_segment Stone Wall x4 |
| 27:46 | 黎羽 · wall_segment Stone Wall x4 |
| 28:41 | 常山宪王 · first_building Monastery |
| 28:58 | 黎羽 · first_building Barracks |
| 30:05 | 东伯暴打大黄狗 · first_building Monastery |
| 31:14 | 常山宪王 · tribute_sent a jugador 1 |
| 31:14 | 常山宪王 · tribute_sent a jugador 3 |
| 31:14 | 常山宪王 · tribute_sent a jugador 4 |
| 31:14 | 常山宪王 · tribute_sent a jugador 5 |
| 31:14 | 常山宪王 · tribute_sent a jugador 6 |
| 31:58 | 黎羽 · first_building Stable |
| 32:43 | AgeOfY · first_market_sell 500 food |
| 34:08 | 黎羽 · wall_segment Stone Wall x1 |
| 34:15 | Gaby Phalange · first_building Castle |
| 34:35 | Gaby Phalange · first_building Monastery |
| 34:53 | AgeOfY · age_up imperial |
| 35:13 | [IMa]Mikou · first_building Castle |
| 36:16 | AgeOfY · first_market_buy 100 stone |
| 36:36 | AgeOfY · first_building Castle |
| 37:47 | [IMa]Mikou · age_up imperial |
| 38:35 | 黎羽 · first_building Monastery |
| 38:40 | Gaby Phalange · age_up imperial |
| 38:53 | 黎羽 · wall_segment Stone Wall x3 |
| 39:06 | 黎羽 · wall_segment Stone Wall x3 |
| 39:36 | 黎羽 · wall_segment Stone Wall x1 |
| 39:43 | [IMa]Mikou · first_market_sell 100 food |
| 40:24 | 东伯暴打大黄狗 · first_market_sell 100 wood |
| 42:23 | 东伯暴打大黄狗 · age_up imperial |
| 42:49 | 东伯暴打大黄狗 · resign |
| 43:45 | 常山宪王 · age_up imperial |
[ AI ANALYSIS · 1 CREDIT ]
What really happened in this match?
Wolo.gg analyzes every decision: build order, eco, micro, common mistakes by bracket. Personalized analysis on WhatsApp or Discord in 30 seconds.
Civ guide
Teutons
Perfil
Jugador #6407138